 Dungeon Crawl Stone Soup version 0.17.1-3-g152610e (webtiles) character file.

240 moxian the Digger (level 5, -11/28 HPs)
             Began as a Deep Elf Earth Elementalist on Apr 23, 2016.
             Killed by divine providence
             ... invoked by an orc priest
              (15 damage)
             ... on level 3 of the Dungeon.
             The game lasted 00:17:56 (3215 turns).

moxian the Digger (Deep Elf Earth Elementalist)     Turns: 3215, Time: 00:17:56

Health: -11/28     AC:  8    Str:  5    XL:     5   Next: 80%
Magic:  7/13       EV: 14    Int: 21    God:
Gold:   185        SH:  0    Dex: 15    Spells: 3 memorised, 6 levels left

rFire  . . .     SeeInvis .     b - 121 stones
rCold  . . .     Clarity  .     E - +0 robe
rNeg   . . .     SustAt   .     (no shield)
rPois  .         Gourm    .     (no helmet)
rElec  .         Spirit   .     (no cloak)
rCorr  .         Warding  .     v - +1 pair of gloves
rMut   .         Stasis   .     (no boots)
MR     .....                    (no amulet)
Stlth  ++........               (no ring)
                                f - +4 ring of protection

@: flying, not resistant to hostile enchantments, unstealthy
A: no striking features
a: no special abilities


You were on level 3 of the Dungeon.
You were not hungry.

You visited 1 branch of the dungeon, and saw 3 of its levels.

You collected 185 gold pieces.

Inventory:

Hand Weapons
 a - a +3 dagger
 g - a +0 short sword
 m - a +0 hunting sling
 y - a +2 flail of pain
 A - a +1 hunting sling of flaming
 B - a +0 mace of holy wrath
Missiles
 b - 121 stones (in hand)
 t - 5 javelins
 w - 9 poisoned needles
 x - 8 arrows of dispersal
 F - 15 sling bullets
Armour
 v - a +1 pair of gloves (worn)
 E - a +0 robe (worn)
Jewellery
 f - a +4 ring of protection (left hand)
Scrolls
 i - 3 scrolls of teleportation {unknown}
 j - a scroll of enchant weapon {unknown}
 k - a scroll of immolation {unknown}
 n - a scroll of magic mapping {unknown}
 q - 5 scrolls of identify {unknown}
 s - a scroll of enchant armour {unknown}
 z - a scroll of remove curse {unknown}
 D - a scroll of recharging {unknown}
Potions
 e - a potion of agility {unknown}
 l - 2 potions of flight
 o - a potion of brilliance {unknown}
 p - a potion of haste {unknown}
Books
 c - a book of Geomancy

   Spells                             Type                      Level
   a - Sandblast                      Earth                        1
   b - Stoneskin                      Transmutation/Earth          2
   c - Passwall                       Transmutation/Earth          3
   d - Stone Arrow                    Conjuration/Earth            3
   e - Petrify                        Transmutation/Earth          4
   f - Lee's Rapid Deconstruction     Earth                        5
Comestibles
 d - 3 bread rations
 h - 2 beef jerkies
 r - a royal jelly
 u - a meat ration
 C - a slice of pizza


   Skills:
 + Level 4.0 Dodging
 - Level 3.0 Stealth
 + Level 4.1 Spellcasting
 + Level 1.6 Conjurations
 + Level 2.4 Transmutations
 * Level 5.0 Earth Magic


You had 6 spell levels left.
You knew the following spells:

 Your Spells              Type           Power        Failure   Level  Hunger
a - Sandblast             Erth           ####..       1%          1    None
b - Stoneskin             Trmt/Erth      ###.....     4%          2    #......
c - Stone Arrow           Conj/Erth      ###...       12%         3    ###....


Dungeon Overview and Level Annotations

Branches:
Dungeon (3/15)

Altars:
Makhleb

Annotations:
D:3 Natasha


Message History

Aiming: Sandblast
Press: ? - help, Shift-Dir - straight line, f/p - orc priest
Aim: an orc priest, wielding a whip and wearing a scale mail
Okay, then.
Drink which item? (? for menu, Esc to quit)
It was a potion of flight.
You feel very buoyant.
You fly up into the air.
The orc priest casts a cantrip, but nothing happens.
Casting: Sandblast
Confirm with . or Enter, or press ? or * to list all spells.
Aiming: Stone Arrow
Press: ? - help, Shift-Dir - straight line, f/p - orc priest
Aim: an orc priest, wielding a whip and wearing a scale mail The stone arrow hits the orc priest.
The orc priest is heavily wounded.
The orc priest calls down the wrath of Beogh upon you.
Something smites you!
Ouch! That really hurt!
You die...

#.###.............# #.#
.......)...#####..# #.#
#..#####..........# #.# ##.#
#..######..# #.# #..# #...# #..#
#.# .#.# #...# #..# #.#
##.#####...#####..# #.#
#.........#......# #.#
##.#.###..#.###@#### #.#
###.#.###.).........## #.#
....#...........o#...###.#######
#########..#...............o...#
######..#.###.#...#########.##
#.......#.. #.##.## #..#
#.####.####.#.##.# ##.. #.# #.#
#...##.# #.. #.# #[# #.## #.#
..#


You could see an orc priest.

Vanquished Creatures
  An orc priest (D:3)
  2 orc wizards (D:3)
  Natasha (twice) (D:3)
  4 adders
  An ooze (D:3)
  3 giant geckos
  11 orcs
  13 bats
  A giant cockroach (D:2)
  5 hobgoblins
  4 giant newts (D:3)
  6 goblins
  8 kobolds
  9 rats
70 creatures vanquished.

Notes
Turn   | Place    | Note
--------------------------------------------------------------
     0 | D:1      | moxian the Deep Elf Earth Elementalist began the quest for the Orb.
     0 | D:1      | Reached XP level 1. HP: 10/10 MP: 6/6
   223 | D:1      | Reached XP level 2. HP: 15/15 MP: 4/8
   853 | D:2      | Learned a level 2 spell: Stoneskin
   904 | D:2      | Reached XP level 3. HP: 19/19 MP: 4/9
  1634 | D:3      | Noticed Natasha
  1725 | D:3      | Learned a level 3 spell: Stone Arrow
  1771 | D:3      | Reached skill level 4 in Earth Magic
  1851 | D:3      | Reached XP level 4. HP: 24/24 MP: 8/11
  2285 | D:3      | Killed Natasha
  2285 | D:3      | Reached XP level 5. HP: 25/28 MP: 6/12
  2636 | D:3      | Reached skill level 1 in Conjurations
  2688 | D:3      | Noticed Natasha
  2834 | D:3      | Killed Natasha
  3172 | D:3      | Found a burning altar of Makhleb.
  3174 | D:3      | Noticed Natasha
  3185 | D:3      | Reached skill level 5 in Earth Magic
  3215 | D:3      | Killed from afar by an orc priest

Action                   |  1- 3 |  4- 6 || total
-------------------------+-------+-------++-------
Melee: Unarmed           |     7 |       ||     7
       Dagger            |       |     9 ||     9
       Flail             |       |     5 ||     5
 Cast: Sandblast         |    73 |    57 ||   130
       Stoneskin         |     1 |       ||     1
       Stone Arrow       |       |     9 ||     9
  Use: Potion            |       |     1 ||     1
 Stab: Sleeping          |     2 |       ||     2
  Eat: Chunk             |     3 |     4 ||     7
